 Dungeon Crawl Stone Soup version 0.25.0-41-g26779e2 (webtiles) character file.

Game seed: 13257776509167203731

28 robertstho the Firebug (level 3, -6/19 HPs)
             Began as a Deep Elf Fire Elementalist on July 10, 2020.
             Killed by divine providence
             ... invoked by an orc priest
              (11 damage)
             ... on level 2 of the Dungeon.
             The game lasted 00:01:57 (1350 turns).

robertstho the Firebug (Deep Elf Fire Elementalist) Turns: 1350, Time: 00:01:59

Health: -6/19      AC:  2    Str:  5    XL:     3   Next: 0%
Magic:  5/10       EV: 13    Int: 20    God:
Gold:   81         SH:  0    Dex: 15    Spells: 8/9 levels left

rFire    . . .     SeeInvis .   b - +2 dagger (speed)
rCold    . . .     Gourm    .   (no shield)
rNeg     . . .     Faith    .   a - +0 robe
rPois    .         Spirit   .   (no helmet)
rElec    .         Reflect  .   (no cloak)
rCorr    .         Harm     .   (no gloves)
MR       .....                  (no boots)
Stlth    ++........             (no amulet)
HPRegen  0.06/turn              (no ring)
MPRegen  0.12/turn              (no ring)

@: hasted, very quick
A: no striking features
a: no special abilities


You were on level 2 of the Dungeon.
You were not hungry.

You visited 1 branch of the dungeon, and saw 2 of its levels.

You collected 81 gold pieces.

Inventory:

Hand Weapons
 b - a +2 dagger of speed (weapon)
 h - a +3 short sword
Armour
 a - a +0 robe (worn)
 i - a +1 kite shield of positive energy
Scrolls
 d - a scroll of teleportation {unknown}
 e - a scroll of blinking {unknown}
Potions
 k - a potion of curing {unknown}
Comestibles
 c - 2 rations
 f - a chunk of flesh


   Skills:
 * Level 0.1 Fighting
 + Level 2.4 Dodging
 + Level 2.8 Stealth
 * Level 3.5 Spellcasting
 + Level 1.4 Conjurations
 * Level 3.9 Fire Magic


You had 8 spell levels left.
You knew the following spells:

 Your Spells              Type           Power        Failure   Level  Hunger
a - Foxfire               Conj/Fire      ##..         4%          1    None

Your spell library contained the following spells:

 Spells                   Type           Power        Failure   Level  Hunger
 Conjure Flame            Conj/Fire      ##......     13%         3    ###....
 Inner Flame              Hex/Fire       ##......     19%         3    ###....
 Sticky Flame             Conj/Fire      ##......     41%         4    ####...
 Fireball                 Conj/Fire      ##........   77%         5    ######.


Dungeon Overview and Level Annotations

Branches:
Dungeon (2/15)

Altars:


Message History

Confirm with . or Enter, or press ? or * to list all spells.
You conjure some foxfire!
The orc priest looks satisfied for a moment.
The orc wizard hits you with a +0 dagger.
* * * LOW HITPOINT WARNING * * *
Unknown command.
It was a potion of haste.
You feel yourself speed up.
The foxfire hits the orc wizard.
The orc wizard is moderately wounded.
The orc wizard gestures at you while chanting.
The puff of flame misses you.
As you read the scroll labeled REAB UTRIBI, it crumbles to dust.
You feel blessed for a moment.
It was a scroll of remove curse.
As you read the scroll labeled COKHEB HADAETA, it crumbles to dust.
The creatures around you are filled with an inner flame!
It was a scroll of immolation.
The orc priest invokes the aid of Beogh against you.
Beogh smites you!
Ouch! That really hurt!
You die...

#.........
#.......S.
#.......
#...... ..
#....#....
#.oS..o... #'#
#####o# ...#
#...o@# ...# ..
#.######...##..
#.# #........
#.#####........
#.....#........
#####.#........
#..........
##+#)####+# .
#....#...###..


You could see 2 orc priests, an orc wizard (inner flame) and an adder
(wandering).

Vanquished Creatures
  A leopard gecko (D:2)
  2 orcs (D:2)
  3 giant cockroaches (D:1)
  A goblin (D:1)
  4 hobgoblins (D:1)
  3 jackals (D:2)
  2 bats (D:1)
  4 kobolds (D:1)
  4 rats (D:1)
24 creatures vanquished.

Vanquished Creatures (others)
  48 foxfires
48 creatures vanquished.

Grand Total: 72 creatures vanquished

Notes
Turn   | Place    | Note
-------+----------+-------------------------------------------
     0 | D:1      | robertstho the Deep Elf Fire Elementalist began the quest
                  | for the Orb.
     0 | D:1      | Reached XP level 1. HP: 10/10 MP: 6/6
   345 | D:1      | Reached XP level 2. HP: 15/15 MP: 8/8
  1271 | D:2      | Reached XP level 3. HP: 19/19 MP: 3/10
  1350 | D:2      | Killed from afar by an orc priest

Illustrated notes

Levels and vault maps discovered:
D:1:      dpeg_arrival_central, layout_basic
D:2:      layout_basic, lemuel_coloured_pillars_altar

Action                   || total
-------------------------++-------
Melee: Dagger            ||     7
       Short sword       ||    11
 Cast: Foxfire           ||    41
  Use: Scroll            ||     2
       Potion            ||     1
 Stab: Sleeping          ||     2
  Eat: Chunk             ||     1
Armor: Robe              ||     6
Dodge: Dodged            ||    18
